AoeStats
← [GDL] Maldito Pantoja

Arena

505079325Analyzed
4v4 RM · 25d ago on Sep 7, 2026· 49m 2s· 8 players
Game mode
Random Map
Map size
Large (8 player)
Population
200
Speed
Normal
Resources
Standard
Victory
Conquest
Starting age
Dark Age
Ending age
Imperial Age
RankedLock teamsTeams togetherTeam positionsShared explorationLock speedFull tech treeHidden civsTurbo modeCheats
Victory
Defeat
🇩🇪 Teutons · Germany
1387
+15
🇲🇽 Khmer · Mexico
1373
+16
🇵🇹 Persians · Portugal
1365
+16
🇹🇷 Georgians · Türkiye
1357
+16
🇲🇽 Khmer · Mexico
1478
-21
🇲🇽 Persians · Mexico
1353
-15
🇺🇸 Bohemians · United States
1321
-14
🇺🇸 Mapuche · United States
1303
-13
.
11:25 Feudal Age
14:52 Castle Age
14:04 Horse Collar
14:14 Double-Bit Axe
16:31 Heavy Plow
20:59 Husbandry
21:15 Bloodlines
25:14 Wheelbarrow
24:25 Loom
25:08 Scale Barding Armor
27:03 Hand Cart
26:34 Town Watch
27:24 Forging
31:53 Imperial Age
30:25 Iron Casting
30:10 Chain Barding Armor
31:59 Chain Barding Armor
33:00 Conscription
33:18 Plate Barding Armor
33:43 Blast Furnace
32:05 Elite Battle Elephant
33:14 Tusk Swords
36:52 Fletching
37:44 Light Cavalry
45:55 Stone Mining
45:55 Gold Mining
48:30 Town Patrol
[PORE] Crydoch
8:31 Feudal Age
9:30 Double-Bit Axe
9:53 Loom
10:55 Fletching
17:58 Horse Collar
22:37 Castle Age
22:34 Forging
23:08 Scale Mail Armor
23:36 Bow Saw
23:39 Heavy Plow
27:58 Wheelbarrow
29:17 Hand Cart
29:19 Stone Mining
29:22 Gold Mining
30:10 Town Watch
33:28 Imperial Age
31:58 Iron Casting
31:07 Man-at-Arms
32:08 Squires
32:46 Gambesons
32:21 Long Swordsman
34:13 Chain Mail Armor
34:13 Bodkin Arrow
35:26 Chemistry
34:07 Two-Handed Swordsman
34:12 Pikeman
36:35 Conscription
37:22 Halberdier
38:34 Plate Mail Armor
38:19 Arson
39:37 Blast Furnace
38:59 Champion
41:58 Masonry
42:53 Heavy Scorpion
44:10 Siege Engineers
45:39 Ballistics
47:38 Crop Rotation
48:10 Two-Man Saw
47:34 Town Patrol
48:38 Ironclad
dL
10:35 Feudal Age
12:03 Double-Bit Axe
14:23 Castle Age
13:24 Horse Collar
15:20 Bow Saw
19:31 Wheelbarrow
20:07 Stone Mining
23:43 Hand Cart
23:15 Loom
32:20 Elite Skirmisher
KingJames
7:54 Loom
11:15 Feudal Age
12:21 Double-Bit Axe
15:14 Castle Age
14:06 Horse Collar
15:29 Loom
16:40 Wheelbarrow
16:58 Bow Saw
17:34 Heavy Plow
24:43 Gold Mining
24:44 Stone Mining
25:12 Bloodlines
25:18 Husbandry
26:26 Scale Barding Armor
26:31 Forging
28:06 Hand Cart
28:23 Chain Barding Armor
28:39 Iron Casting
30:17 Stone Shaft Mining
33:59 Imperial Age
32:03 Scale Mail Armor
32:50 Fletching
33:00 Padded Archer Armor
32:52 Town Watch
33:52 Chain Mail Armor
34:05 Svan Towers
34:06 Bodkin Arrow
34:27 Leather Archer Armor
34:03 Heavy Cavalry Archer
35:10 Parthian Tactics
35:51 Chemistry
35:11 Ballistics
35:51 Bracer
36:54 Chemistry
35:37 Treadmill Crane
36:31 Town Patrol
40:10 Conscription
41:09 Light Cavalry
41:17 Onager
43:05 Hussar
nprhino_aoe
9:55 Feudal Age
13:45 Castle Age
12:13 Double-Bit Axe
13:46 Horse Collar
15:20 Bow Saw
19:23 Heavy Plow
19:53 Fervor
19:59 Fervor
21:33 Loom
22:24 Wheelbarrow
28:11 Imperial Age
27:14 Chemistry
28:00 Hand Cart
27:31 Town Watch
28:36 Fortified Wall
27:50 Pikeman
28:31 Squires
28:34 Scale Mail Armor
28:45 Forging
29:42 Siege Engineers
29:19 Treadmill Crane
30:43 Conscription
29:47 Halberdier
31:03 Chain Mail Armor
31:24 Iron Casting
32:28 Plate Mail Armor
34:00 Blast Furnace
34:18 Houfnice
35:05 Fletching
35:31 Wagenburg Tactics
41:38 Padded Archer Armor
BoogStasher3000
9:29 Feudal Age
11:10 Fletching
12:01 Loom
26:48 Castle Age
25:19 Double-Bit Axe
26:12 Scale Mail Armor
26:22 Forging
30:38 Pikeman
32:05 Wheelbarrow
33:31 Horse Collar
34:03 Bow Saw
34:57 Chain Mail Armor
CAXCAN
11:55 Feudal Age
15:01 Castle Age
13:09 Double-Bit Axe
13:06 Horse Collar
14:42 Scale Mail Armor
14:42 Man-at-Arms
19:25 Long Swordsman
19:54 Loom
21:44 Forging
24:53 Arson
24:56 Pikeman
30:26 Heavy Plow
30:40 Bow Saw
32:12 Wheelbarrow
31:23 Town Watch
32:47 Gold Mining
36:14 Imperial Age
34:28 Hand Cart
37:24 Double Crossbow
37:01 Heavy Scorpion
37:07 Capped Ram
38:43 Ballistics
39:09 Siege Engineers
40:26 Chemistry
40:28 Conscription
40:15 Siege Ram
43:44 Masonry
43:57 Scale Barding Armor
44:28 Iron Casting
45:17 Light Cavalry
46:20 Chain Barding Armor
49:34 Fortified Wall
49:23 Murder Holes
[GDL] Maldito Pantoja
12:56 Feudal Age
14:13 Wheelbarrow
13:23 Loom
17:09 Castle Age
16:55 Forging
24:35 Horse Collar
24:42 Double-Bit Axe
29:24 Heavy Plow
30:32 Hand Cart
30:12 Gold Mining
30:32 Bow Saw
34:37 Imperial Age
32:23 Scale Barding Armor
32:50 Scale Barding Armor
35:19 Conscription
35:55 Iron Casting
37:53 Blast Furnace
Connection lost

Rejoining the realm…

Still unreachable

The connection could not be restored.

Session expired

The server has moved on; the page needs a fresh start.